 Dungeon Crawl Stone Soup version 0.23.2-1-ga50397a (webtiles) character file.

Game seed: 7668222255140376668

32 redwoodhats the Skirmisher (level 3, -1/34 HPs)
             Began as a Naga Chaos Knight on May 23, 2019.
             Was a Plaything of Xom.
             Slain by a goblin
             ... wielding a +0 dagger
             ... led by Robin
              (3 damage)
             ... on level 2 of the Dungeon.
             The game lasted 00:02:40 (464 turns).

redwoodhats the Skirmisher (Naga Chaos Knight)       Turns: 464, Time: 00:02:40

Health: -1/34      AC:  4    Str: 14    XL:     3   Next: 25%
Magic:  3/3        EV:  9    Int: 12    God:    Xom [..*...]
Gold:   13         SH:  0    Dex: 11    Spells: 2/2 levels left

rFire    . . .     SeeInvis +   a - +0 spear (chaos)
rCold    . . .     Gourm    .   (no shield)
rNeg     . . .     Faith    .   b - +2 leather armour
rPois    +         Spirit   .   (no helmet)
rElec    .         Reflect  .   (no cloak)
rCorr    .         Harm     .   (no gloves)
MR       .....                  (no barding)
Stlth    +.........             (no amulet)
HPRegen  0.11/turn              (no ring)
MPRegen  0.08/turn              (no ring)

@: very slow
A: large, see invisible, deformed body, poison resistance, slowness 2, slow
metabolism 1, spit poison 1, AC +1
a: Spit Poison, Renounce Religion


You were on level 2 of the Dungeon.
You worshipped Xom.
You were a toy of Xom.
You were not hungry.

You visited 1 branch of the dungeon, and saw 2 of its levels.

You collected 13 gold pieces.

Inventory:

Hand Weapons
 a - a +0 spear of chaos (weapon)
 f - a cursed -1 dagger
Armour
 b - a +2 leather armour (worn)
 j - a +0 buckler
Jewellery
 h - a cursed amulet of inaccuracy {unknown}
Scrolls
 g - a scroll of teleportation {unknown}
Potions
 d - 2 potions of degeneration {unknown}
 e - a potion of heal wounds {unknown}
 i - a potion of invisibility {unknown}
Comestibles
 c - 2 rations


   Skills:
 + Level 3.6 Fighting
 + Level 3.5 Polearms
 + Level 1.6 Armour
 + Level 1.0 Dodging
 + Level 0.2 Stealth


You had 2 spell levels left.
You didn't know any spells.
Your spell library was empty.

Dungeon Overview and Level Annotations

Branches:
Dungeon (1/15)

Altars:

Annotations:
D:2 Robin


Innate Abilities, Weirdness & Mutations

You cannot wear boots.
Your serpentine skin is tough. (AC +1)
You have supernaturally acute eyesight. (SInv)
Armour fits poorly on your strangely shaped body.
Your system is resistant to poisons. (rPois)
You cover ground very slowly.
You have a slow metabolism.
You can spit poison.


Message History

Robin throws the goblin at you! The goblin barely misses you.
The rat bites you but does no damage. The goblin barely misses you.
The worm bites you. The goblin hits you but does no damage.
You barely miss the worm.
The worm is severely wounded.
Robin roars a battlecry!
The goblins go into a battle-frenzy!
The goblin hits you but does no damage. The goblin misses you.
The rat barely misses you. The goblin hits you with a +0 club. x2
The worm barely misses you.
You hit the worm. You freeze the worm.
You kill the worm!
The goblin barely misses you. The goblin hits you. The rat misses you.
The goblin hits you with a +0 club.
* * * LOW HITPOINT WARNING * * *
The goblin hits you with a +0 club.
* * * LOW HITPOINT WARNING * * *
You barely miss the goblin. The goblin hits you with a +0 dagger.
You die...
Xom thinks this is hilarious!

..........#### ..
....#####.####.#'##
#.######..........#
.................
#...###..###.#..#
#.. #..# # #. #.!##
....###.gg##.#
......g@....#
##.###g#r##..[.


gSg g.# #.. ...g. g.# . #..... ... #....) .#.# #..... .#.. #....[ ..#.# You
could see Robin, an adder, 2 hobgoblins, 6 goblins and a rat.

Vanquished Creatures
  An adder (D:2)
  2 worms (D:2)
  A dart slug (D:1)
  A giant cockroach (D:1)
  A hobgoblin (D:1)
  4 kobolds
  2 bats (D:1)
  3 goblins
  2 rats (D:1)
17 creatures vanquished.

Notes
Turn   | Place    | Note
-------+----------+-------------------------------------------
     0 | D:1      | redwoodhats the Naga Chaos Knight began the quest for the
                  | Orb.
     0 | D:1      | Reached XP level 1. HP: 21/21 MP: 1/1
   162 | D:1      | Reached XP level 2. HP: 28/28 MP: 2/2
   369 | D:1      | You fall through a shaft!
   376 | D:2      | Reached skill level 1 in Dodging
   379 | D:2      | Reached XP level 3. HP: 34/34 MP: 3/3
   458 | D:2      | Identified the +0 helmet of Zin's Pride {+Fly rPois MR+}
   458 | D:2      | Noticed Robin
   464 | D:2      | Slain by a goblin

Skill      XL: |  1  2 |
---------------+-------+-----
Dodging        | 1 |  1.0
Fighting       | |  3.6
Polearms       | |  3.5
Armour         | |  1.6
Stealth        | |  0.2

Action                   || total
-------------------------++-------
Melee: Spear             ||    69
 Stab: Confused          ||     1
Armor: Leather armour    ||    40
Dodge: Dodged            ||    39
